Unix NetHack Version 5.0.0-0 post-release - last build May  4 2026 22:22:43 (774f63e81ad911689b3a0859ea89b322d5daca8d,branch:main).

Game began 2026-05-07 22:12:15, ended 2026-05-08 05:02:20.

IceCreamJones, lawful female dwarven Valkyrie

   ----                                ---        ---
   |..| --#-             ----         --`-#-     --.---
   |..|--..#           #-#..--#--     |....|     |....|
   |.---...#-######----|.....|..-- --###...--#   |....--
   |.||......^......|.-#...G.....---...##....#-##--....------------------
   |.||.....-####.................|.....................................| ----
 --|.||.----####--....-#-.............##...<.#-.-....`..---------------^---..|
 |.|.|-..|  ##..##---## --.....|................)........|----.--.--  |......|
 |...|.-.|--#..^##       |...--#-....####.^.......---....--.|......|  --------
 --......|-.....###$     |..--  #...#-  #..).u---.....)............--
  --.-.|.|..%..--*       ---- -#-.##### #-.@..| -------.............----
   |...|.|`.-.--              |...#  #.. #-.)--       |...............*--
  --.-........|               |.--#  #..--.#-      ----.......---.......--
 --....|.....--           -----.|     .....|       |.......*..| ---.--...#----
 |....-|....-|           --.....|     #...#       --..........--  -------....|
 |...-----...|          --..-----     #....       |..--..---...--       |....|
 |...|---...--          |..--         |...--      |..|---- |....------- ---.--
 --..|-.....|           |.-|          -..--       --.--    |..........--   --
  ---|......|           |..|          ....         |..|    --.--...|...|
     ----.|.|           |..|         ---.-         ----     ---|>.---..|
        -----           ----            --                     ----  ---
IceCreamJones the Fighter   St:8 Dx:10 Co:20 In:10 Wi:8 Ch:10  Lawful
Dlvl:4  $:15 HP:94(94) Pw:22(22) AC:-9 Xp:8 T:9688  Burdened

Latest messages:
 You hear crashing rock.
 What do you want to use or apply? [cenruG or ?*] *
 You now wield an uncursed pick-axe.
 In what direction do you want to dig? [89621>] 6
 You start digging.
 You hit the rock with all your might.
 The large dog drops a gem called red soft worthless.
 The large dog picks up a gem called red soft worthless.
 You make an opening in the wall.
 What do you want to wield? [- a-cguSW or ?*] a
 a - an uncursed long sword (weapon in right hand).
 You swap places with your warhorse.
 You see here a gem called red soft worthless.
 You hear crashing rock.
 What do you want to wield? [- a-cguSW or ?*] a
 You are already wielding that!
 It's a wall.
 It's a wall.
 It's a wall.
 It's a wall.
 With great effort you move the boulder.
 There is a branch staircase up to the Dungeons of Doom here.
 You hear crashing rock.
 You hear crashing rock.
 You hear crashing rock.
 There is a branch staircase up to the Dungeons of Doom here.
 The warhorse hits the dwarf.
 The warhorse bites the dwarf.
 The dwarf swings his pick-axe at the warhorse.
 The dwarf misses the warhorse.
 The warhorse hits the dwarf.
 The dwarf is killed!
 There is a dwarf corpse here; eat it? [ynq] (n) y
 This dwarf corpse tastes terrible!
 You cannibal!  You will regret this!
 The warhorse picks up a shuriken.
 The large dog picks up a shuriken.
 The warhorse drops a shuriken.
 The large dog drops a shuriken.
 You finish eating the dwarf corpse.
 Really save? [yn] (n) n
 What do you want to write with? [- abgyF-HSW or ?*] q
 Your tin would get too dirty.
 Really quit without saving? [yn] (n) y
 Do you want your possessions identified? [ynq] (y) y
 Do you want to see your attributes? [ynq] (y) y
 Do you want an account of creatures vanquished? [ynaq] (y) n
 Do you want a list of species genocided? [ynq] (y) n
 Do you want to see your conduct and achievements? [ynq] (y) y
 Do you want to see the dungeon overview? [ynq] (y) n

Inventory:
 Coins    ('$')
  $ - 15 gold pieces
 Weapons  (')')
  b - 6 +0 daggers (at the ready)
  S - a +2 elven dagger
  W - 2 +1 elven daggers
  g - a +0 elven dagger
  a - a +1 long sword (weapon in right hand)
 Armor    ('[')
  X - a blessed +2 elven leather helm (being worn)
  A - an uncursed +0 pair of high boots (being worn)
  U - an uncursed +3 small shield (being worn)
  l - an uncursed +0 elven cloak (being worn)
  f - an uncursed +3 splint mail (being worn)
 Comestibles  ('%')
  i - 2 uncursed cloves of garlic
  o - an uncursed cram ration
  d - 3 uncursed food rations
  j - an uncursed sprig of wolfsbane
  q - an uncursed rotten tin of jackal meat
  k - an uncursed lichen corpse
  t - an uncursed lizard corpse
  Z - an uncursed lizard corpse
 Potions  ('!')
  s - an uncursed potion of object detection
  Q - 7 potions of unholy water
 Rings    ('=')
  H - an uncursed ring of levitation
  y - an uncursed ring of stealth
  F - an uncursed ring of teleport control
 Tools    ('(')
  e - an uncursed oil lamp
  c - a +0 pick-axe
  r - an uncursed skeleton key
  n - an uncursed tallow candle
  u - a +0 unicorn horn
 Gems/Stones  ('*')
  G - an uncursed touchstone

IceCreamJones the Valkyrie's attributes:

Background:
 You were a Fighter, a level 8 dwarven Valkyrie.
 You were lawful, on a mission for Tyr
 who was opposed by Odin (neutral) and Loki (chaotic).
 You were right-handed.
 You were in the Gnomish Mines, on level 4.
 You entered the dungeon 9688 turns ago.
 It was nighttime.
 You had 1869 experience points, 691 more were needed to attain level 9.

Basics:
 You had all 94 hit points.
 You had all 22 energy points (spell power).
 Your armor class was -9.
 Your wallet contained 15 zorkmids.
 Autopickup was off.

Final Characteristics:
 Your strength was 8 (peak:18, limit:18/100).
 Your dexterity was 10 (peak:12, limit:20).
 Your constitution was 20 (limit:20).
 Your intelligence was 10 (limit:16).
 Your wisdom was 8 (limit:16).
 Your charisma was 10 (limit:16).

Final Status:
 You weren't hungry.
 You were burdened; movement was slightly slowed.
 You were wielding a long sword.
 You had basic skill with long sword.

Final Attributes:
 You were piously aligned.
 You were cold resistant.
 You were sleep resistant.
 You had infravision.
 You were stealthy.
 You aggravated monsters.
 You were warded.
 You were fast.
 You were unlucky.
 You survived.

Miscellaneous:
 You encountered 1 bones level.
 Total elapsed playing time was 2 hours and 5 minutes.

Major events:
 Turn
    1: IceCreamJones the lawful dwarven Valkyrie entered the dungeon
  938: attained the rank of Skirmisher (level 3)
 1506: entered the Gnomish Mines
 3301: reached Mine Town
 3385: attained the rank of Fighter (level 6)
 4862: performed her first genocide (master mind flayers)
 9688: quit

You didn't know any spells.

Skills:
 Fighting Skills
   bare handed combat [Unskilled]
   two weapon combat  [Unskilled]
   riding             [Unskilled]
 Weapon Skills
   dagger             [Basic]
   axe                [Unskilled]
   pick-axe           [Unskilled]
   short sword        [Unskilled]
   broadsword         [Unskilled]
   long sword         [Basic]
   two-handed sword   [Unskilled]
   saber              [Unskilled]
   hammer             [Unskilled]
   quarterstaff       [Unskilled]
   polearms           [Unskilled]
   spear              [Expert]
   trident            [Unskilled]
   lance              [Unskilled]
   sling              [Unskilled]
 Spellcasting Skills
   attack spells      [Unskilled]
   escape spells      [Unskilled]

Voluntary challenges:
 Character rerolling was not enabled.
 You genocided 1 type of monster.
 You never polymorphed an object.
 You never changed form.
 You used no wishes.
Achievements:
 You attained the rank of Skirmisher.
 You entered a shop.
 You entered the Gnomish Mines.
 You entered Minetown.
 You attained the rank of Fighter.
 You entered a temple.

 The Dungeons of Doom: levels 1 to 5
    Level 1:
       A fountain, a sink.
    Level 2:
       A scroll shop.
    Level 3:
       Stairs down to The Gnomish Mines.
    Level 4:
       A food shop, a fountain.
       Final resting place for
          ubiquity-Pri-Elf-Mal-Cha, killed by a rothe.
    Level 5:
       A fountain.
 The Gnomish Mines: levels 4 to 8
    Level 4: <- You were here.
    Level 5:
    Level 6:
    Level 7:
       Some shops, a temple and an altar, some fountains, a sink.
    Level 8:
 The Tutorial:
    Level 1:
       A tree.


Vanquished creatures:
  a ghost
 an elf mummy
  a watchman
  a chameleon
  a giant beetle
  a lynx
  a leprechaun
  2 giant spiders
  a horse
  a gnome ruler
  2 orc mummies
 an owlbear
  2 lizards
  4 dogs
  a blue jelly
  a gray unicorn
  2 snakes
  4 apes
  7 Woodland-elves
 an imp
  a quasit
  2 wood nymphs
  a water nymph
  4 Uruk-hai
  2 rock piercers
  a rock mole
  2 fog clouds
  5 yellow lights
  2 shriekers
  4 violet fungi
  4 gnome leaders
  a gnomish wizard
  2 gray oozes
 an elf zombie
  a ghoul
  a straw golem
  3 little dogs
  3 floating eyes
  5 dwarves
  a kobold leader
  2 kobold shamans
  8 hill orcs
  6 rothes
  2 rabid rats
  2 giant bats
  6 monkeys
  a dwarf zombie
  a wererat
  6 iguanas
  4 killer bees
  6 coyotes
  a gas spore
  a hobbit
  2 large kobolds
  3 hobgoblins
  2 giant rats
  2 cave spiders
  3 yellow molds
  a green mold
  a red mold
 16 gnomes
  a gnome zombie
  5 geckos
  7 jackals
  4 foxes
  2 kobolds
  3 goblins
  3 sewer rats
  5 grid bugs
  2 lichens
 10 newts
200 creatures vanquished.

Genocided species:
 master mind flayers
1 species genocided.

Farvel IceCreamJones the Valkyrie...

You quit in The Gnomish Mines on dungeon level 4 with 7951 points,
and 15 pieces of gold, after 9688 moves.
You were level 8 with a maximum of 94 hit points when you quit.

